 Dungeon Crawl Stone Soup version 0.28-a0-537-g3bccd9ccbf (webtiles) character file.

Game seed: 9094746219216143726

65 runemasterragnar the Covered (level 4, -4/34 HPs)
             Began as a Djinni Wanderer on Sept 28, 2021.
             Slain by a worm (10 damage)
             ... on level 3 of the Dungeon.
             The game lasted 00:05:04 (2346 turns).

runemasterragnar the Covered (Djinni Wanderer)      Turns: 2346, Time: 00:05:05

Health: -4/34      AC:  5    Str: 10    XL:     4   Next: 35%
Gold:   45         EV:  9    Int: 19    God:
                   SH:  0    Dex:  9

rFire   + + .      SeeInvis .   a - +2 shortbow
rCold   x . .      Faith    .   (shield currently unavailable)
rNeg    . . .      Spirit   .   d - +0 ring mail
rPois   ∞          Reflect  .   (no helmet)
rElec   .          Harm     .   (no cloak)
rCorr   .          Rampage  .   (no gloves)
Will    .....                   (boots unavailable)
Stlth   ..........              (no amulet)
HPRegen 0.11/turn               (no ring)
MPRegen 0.00/turn               (no ring)

@: flying
A: sickness immunity, fire resistance 2, cold vulnerability 1, float, innate
caster, hp casting, extra vitality 1
a: no special abilities


You were on level 3 of the Dungeon.
You visited 1 branch of the dungeon, and saw 3 of its levels.

You collected 45 gold pieces.

Inventory:

Hand Weapons
 a - a +2 shortbow (weapon)
 f - a +0 club
Missiles
 b - 5 arrows (quivered ammo)
Armour
 d - a +0 ring mail (worn)
Scrolls
 c - 2 scrolls of teleportation
 h - 2 scrolls of fog {unknown}
Potions
 e - a potion of ambrosia {unknown}
 g - 2 potions of brilliance {unknown}


   Skills:
 + Level 2.6 Fighting
 - Level 2.4 Bows
 - Level 3.0 Armour
 - Level 1.0 Shields
 * Level 1.8 Spellcasting
 + Level 2.0 Evocations


You had 5 spell levels left.
You knew the following spells:

 Your Spells              Type           Power      Damage    Failure   Level
a - Pain                  Necr           32%        1d5       21%         1
Your spell library was empty.

Dungeon Overview and Level Annotations

Branches:
Dungeon (3/15)

Altars:
Gozag

Annotations:
D:2 1 runed translucent door, Crazy Yiuf


Innate Abilities, Weirdness & Mutations

You are immune to sickness and miasma.
You are immune to poison.
Your flesh is very heat resistant. (rF++)
You are vulnerable to cold. (rC-)
You float through the air rather than walking.
You learn spells naturally, not from books.
Your magical power is your life essence.
You have superior vitality. (+4 HP)


Message History

Aim: a worm (severely wounded, chance to affect: 66%)
You miscast Pain.
Nothing appears to happen.
The worm bites you.
Unknown command.
Casting: Pain (safe; 21% risk of failure)
Confirm with . or Enter, or press ? or * to list all spells.
Aiming: Pain (safe; 21% risk of failure)
Press: ? - help, Shift-Dir - straight line, f/p - worm
Aim: a worm (heavily wounded, chance to affect: 66%)
The worm writhes in agony.
The worm bites you!
* * * LOW HITPOINT WARNING * * *
Unknown command.
Okay, then.
You see here a +0 robe.
Fire: 10 arrows
Press: ? - help, Q - select action, (/) - cycle Shift-Dir - straight line, f/p - worm
Aim: a worm (moderately wounded, 78% to hit)
You shoot an arrow. The arrow barely misses the worm.
Your magical contamination has completely faded away.
Fire: 9 arrows
Press: ? - help, Q - select action, (/) - cycle Shift-Dir - straight line, f/p - worm
Aim: a worm (moderately wounded, 78% to hit)
You shoot an arrow. The arrow hits the worm.
The worm is moderately wounded.
Fire: 8 arrows
Press: ? - help, Q - select action, (/) - cycle Shift-Dir - straight line, f/p - worm
Aim: a worm (moderately wounded, 78% to hit)
You shoot an arrow. The arrow hits the worm.
The worm is heavily wounded.
Fire: 7 arrows
Press: ? - help, Q - select action, (/) - cycle Shift-Dir - straight line, f/p - worm
Aim: a worm (heavily wounded, 78% to hit)
You shoot an arrow. The arrow hits the worm.
The worm is heavily wounded.
Fire: 6 arrows
Press: ? - help, Q - select action, (/) - cycle Shift-Dir - straight line, f/p - worm
Aim: a worm (heavily wounded, 78% to hit)
You shoot an arrow. The arrow hits the worm!
The worm is almost dead.
The worm bites you!
You die...

....... ..........
#........#
##........###########
#..........#........#
#..........#.†....(.#
#..........#).......###
##.................###.#
.......@........#......#
###.....w..##.....###..#
##.....(....(..###...#
####....(....####....#
#...<....(...#.......#
#...#.#.........#..##.#
#...##.#...........###.#
#.... .....####(...##
#.# .... #####.#
#..##..###.#


You could see a worm.

Vanquished Creatures
  An adder (D:2)
  3 dart slugs
  3 endoplasms (D:1)
  A giant cockroach (D:1)
  8 hobgoblins
  4 quokkas (D:2)
  5 ball pythons
  7 bats
  5 frilled lizards
  6 goblins
  3 kobolds
  4 rats (D:1)
50 creatures vanquished.

Notes
Turn   | Place    | Note
-------+----------+-------------------------------------------
     0 | D:1      | runemasterragnar the Djinni Wanderer began the quest for
                  | the Orb.
     0 | D:1      | Reached XP level 1. HP: 18/18 MP: 0/0
   122 | D:1      | Reached XP level 2. HP: 23/23 MP: 0/0
   304 | D:1      | Reached skill level 1 in Spellcasting
   501 | D:1      | Reached XP level 3. HP: 29/29 MP: 0/0
   501 | D:1      | Learned a level 1 spell: Pain
  1492 | D:2      | Found a runed translucent door.
  1493 | D:2      | Noticed Crazy Yiuf
  1657 | D:2      | Reached XP level 4. HP: 12/34 MP: 0/0
  2001 | D:2      | Found an opulent altar of Gozag.
  2346 | D:3      | Slain by a worm

Illustrated notes

Levels and vault maps discovered:
D:1:      erik_arrival_blinker_ship, layout_basic
D:2:      layout_rooms, basic_altar, minmay_goblin_kobold_house,
          uniq_crazy_yiuf_cottage
D:3:      layout_rooms, serial_shops, shop

Skill      XL: |  1  2  3  4 |
---------------+-------------+-----
Spellcasting   | 1 |  1.8
Evocations     | 2 |  2.0
Fighting       | |  2.6
Bows           | |  2.4
Armour         | |  3.0
Shields        | |  1.0

Action                   |  1- 3 |  4- 6 || total
-------------------------+-------+-------++-------
Melee: Club              |    14 |       ||    14
 Fire: Shortbow          |   101 |    36 ||   137
 Cast: Pain              |     9 |    13 ||    22
  Use: Scroll            |     2 |       ||     2
       Potion            |       |     1 ||     1
Armor: Ring mail         |    29 |     6 ||    35
Dodge: Dodged            |    35 |    11 ||    46

Table legend: (Time is in decaauts)
 A = Elapsed time spent in this place.
 B = Non-inter-level travel time spent in this place.
 C = Inter-level travel time spent in this place.
 D = Time resting spent in this place.
 E = Time spent auto-exploring this place.
 F = Levels seen in this place.
 G = Mean time per level.
                   A        B        C        D        E       F      G
               +--------+--------+--------+--------+--------+-----+--------+
         Total |   2370 |   2310 |     60 |     47 |   1884 |   3 |  790.0 |
       Dungeon |   2370 |   2310 |     60 |     47 |   1884 |   3 |  790.0 |
               +--------+--------+--------+--------+--------+-----+--------+

Top non-repeatable levels by time:
     D:2: 1140 daAuts
     D:1: 1138 daAuts
     D:3: 90 daAuts
